 Dungeon Crawl Stone Soup version 0.32-a0-306-gfed3edf829 (webtiles) character file.

Game seed: 13532615856252776911

120 Hubris850 the Insei (level 5, -1/37 HPs)
             Began as a Merfolk Shapeshifter on Feb 14, 2024.
             Incinerated by a bombardier beetle (2 damage)
             ... with a burning spray
             ... on level 3 of the Dungeon.
             The game lasted 00:03:24 (1954 turns).

Hubris850 the Insei (Merfolk Shapeshifter)          Turns: 1954, Time: 00:03:24

Health: -1/37      AC:  5    Str: 15    XL:     5   Next: 4%
Magic:  5/5        EV: 12    Int:  9    God:
Gold:   50         SH:  0    Dex: 15    Spells: 4/4 levels left

rFire   . .          .
                       - Unarmed
rCold   . . .        (no shield)
rNeg    . . .        b - +0 ring mail
rPois   .            (helmet currently unavailable)
rElec   .            (cloak currently unavailable)
rCorr   .            (gloves currently unavailable)
SInv    .            (boots currently unavailable)
Will    .....        (no amulet)
Stlth   +            (no ring)
HPRegen 0.26/turn    (no ring)
MPRegen 0.09/turn

%: no passive effects
@: mighty, on fire, beast-form, glowing
A: beast (slay +2), (nimble swimmer 2), mertail
a: Begin Untransformation


You were on level 3 of the Dungeon.
You were a hulking beast.
You visited 1 branch of the dungeon, and saw 3 of its levels.

You collected 50 gold pieces.

Inventory:

Hand Weapons
 g - a +0 war axe
Missiles
 i - 6 poisoned darts (quivered)
Armour
 a - a +0 animal skin
 b - a +0 ring mail (worn)
Talismans
 c - a beast talisman (active)
 d - a flux talisman
Scrolls
 f - 3 scrolls of teleportation {unknown}
 h - a scroll of identify {unknown}
Potions
 j - a potion of curing {unknown}


   Skills:
 - Level 1.1 Fighting
 + Level 4.0 Dodging
 * Level 4.9 Unarmed Combat
 + Level 4.8 Shapeshifting


You had 4 spell levels left.
You didn't know any spells.
Your spell library contained the following spells:

 Spells                   Type           Power      Damage    Failure   Level
 Slow                     Hex            0%         N/A       63%         1
 Confusing Touch          Hex            0%         N/A       94%         3
 Sigil of Binding         Hex            0%         N/A       94%         3
 Vampiric Draining        Necr           0%         2d6       94%         3


Dungeon Overview and Level Annotations

Branches:
Dungeon (3/15)

Altars:

Shops:
D:1 [


Innate Abilities, Weirdness & Mutations

You are a hulking beast.
Your limbs bulge with bestial killing power. (Slay +2)
((You are very nimble when in or above water. (Stealth+, EV+, Speed+++)))
Your lower body shifts to a powerful aquatic tail in water.


Message History

The frilled lizard attacks as it pursues you!
The frilled lizard closely misses you.
You miss the frilled lizard. You barely miss the frilled lizard.
The frilled lizard bites you but does no damage.
You barely miss the frilled lizard.
The frilled lizard bites you but does no damage.
You hit the frilled lizard.
The frilled lizard is heavily wounded.
The frilled lizard barely misses you.
You hit the frilled lizard.
You kill the frilled lizard!
The bombardier beetle sprays incendiary fluid at you.
The burning spray hits you.
You are covered in liquid fire!
You hit the bombardier beetle.
The bombardier beetle is moderately wounded.
The liquid fire burns you!
You hit the bombardier beetle.
The bombardier beetle is severely wounded.
The liquid fire burns you!
The bombardier beetle barely misses you.
You hit the bombardier beetle.
The bombardier beetle is almost dead.
The liquid fire burns you!
* * * LOW HITPOINT WARNING * * *
You punch the bombardier beetle!
You kill the bombardier beetle!
The liquid fire burns you!
* * * LOW HITPOINT WARNING * * *
Your Dodging skill increases to level 4!
You have reached level 5!
You feel stronger.
You shake off some of the fire as you move.
The liquid fire burns you!
* * * LOW HITPOINT WARNING * * *
It was a potion of might.
You feel very mighty all of a sudden. The liquid fire burns you!
You die...

. .. #.# ##. ..
##.###### .##[. ##.#
.......# ......B..#
##.#....# ....#.#..
#..#....# ........#
#.#.....#
......!B######.#.....#
............##.#...<.#
...##..##....†.h.#####
# #.. ♣♣♣♣♣♣♣### #..
#.♣ #. ..


There were no monsters in sight!

Vanquished Creatures
  A bombardier beetle (D:3)
  A gnoll (D:1)
  An adder (D:2)
  An orc (D:2)
  7 endoplasms
  3 goblins
  5 hobgoblins (D:1)
  A quokka (D:2)
  A ball python (D:2)
  4 bats (D:1)
  5 frilled lizards
  4 kobolds
  5 rats (D:1)
39 creatures vanquished.

Notes
Turn   | Place    | Note
-------+----------+-------------------------------------------
     0 | D:1      | Hubris850 the Merfolk Shapeshifter began the quest for the
                  | Orb.
     0 | D:1      | Reached XP level 1. HP: 15/15 MP: 1/1
   195 | D:1      | Reached XP level 2. HP: 15/21 MP: 2/2
   359 | D:1      | Found a faded altar of an unknown god.
   524 | D:1      | Reached XP level 3. HP: 26/26 MP: 3/3
   759 | D:1      | Found Sopt's Antique Armour Emporium.
  1262 | D:2      | Reached XP level 4. HP: 30/32 MP: 4/4
  1953 | D:3      | Reached XP level 5. HP: 3/37 MP: 5/5
  1953 | D:3      | HP: 1/37 [burnt (2)]
  1954 | D:3      | Incinerated by a bombardier beetle

Illustrated notes

Levels and vault maps discovered:
D:1:      wander_arrival_lonely_grave, layout_basic, serial_shops,
          nicolae_lakefront_shop, shapermc_ecumenical_altar_hornbeckon
D:2:      layout_loops_cross, grunt_ministairs_10, minmay_tiny_reverse_x
D:3:      layout_rooms, good_gods_temple_1

Skill      XL: |  1  2  3  4 |
---------------+-------------+-----
Dodging        | 3 4 |  4.0
Unarmed Combat | 4 |  4.9
Fighting       | |  1.1
Shapeshifting  | |  4.8

Action                     |  1- 3 |  4- 6 || total
---------------------------+-------+-------++-------
  Melee: Unarmed           |    57 |    47 ||   104
         Punch             |       |     2 ||     2
    Use: Potion            |     1 |     1 ||     2
 Armour: Skin              |     5 |       ||     5
         Animal skin       |     4 |       ||     4
         Ring mail         |    20 |    21 ||    41
  Dodge: Dodged            |    19 |    21 ||    40

Table legend: (Time is in decaauts)
 A = Elapsed time spent in this place.
 B = Non-inter-level travel time spent in this place.
 C = Inter-level travel time spent in this place.
 D = Time resting spent in this place.
 E = Time spent auto-exploring this place.
 F = Levels seen in this place.
 G = Mean time per level.
                   A        B        C        D        E       F      G
               +--------+--------+--------+--------+--------+-----+--------+
         Total |   1934 |   1838 |     96 |     52 |   1532 |   3 |  644.7 |
       Dungeon |   1934 |   1838 |     96 |     52 |   1532 |   3 |  644.7 |
               +--------+--------+--------+--------+--------+-----+--------+

Top non-repeatable levels by time:
     D:1: 1145 daAuts
     D:2: 751 daAuts
     D:3: 37 daAuts
